 Dungeon Crawl Stone Soup version 0.27-a0-1299-g1ab19c6527 (webtiles) character file.

Game seed: 5162227289981204148

124801 freelancePsychic the Severer (level 16, -5/140 HPs)
             Began as a Palentonga Abyssal Knight on June 16, 2021.
             Was a High Priest of Lugonu.
             Slain by a black mamba (12 damage)
             ... on level 2 of the Snake Pit.
             The game lasted 01:02:07 (31205 turns).

freelancePsychic the Severer (PaAK)                Turns: 31205, Time: 01:02:07

Health: -5/140     AC: 43    Str: 25    XL:     16   Next: 40%
Magic:  20/27      EV:  6    Int: 15    God:    Lugonu [*****.]
Gold:   2727       SH:  0    Dex: 11    Spells: 15/15 levels left

rFire    . . .     SeeInvis +   b - +9 battleaxe (distort)
rCold    . . .     Faith    +   (shield currently unavailable)
rNeg     + . .     Spirit   .   q - +8 plate armour of Ybe Jucs {Int+2 Slay+2}
rPois    .         Reflect  .   K - +2 helmet {SInv}
rElec    .         Harm     .   E - +1 cloak "Itra" {Will- Regen+ Str+4}
rCorr    .         Rampage  .   (no gloves)
Will     .....                  n - +4 barding
Stlth    ..........             R - amulet of faith
HPRegen  1.33/turn              y - ring of poison resistance
MPRegen  0.20/turn              w - ring of positive energy

@: lethally poisoned (-5 -> -13), poison vulnerable, slowed, studying
Invocations, curled up, very slow
A: large, rugged brown scales 3, see invisible, deformed body, roll 1, armoured
tail, reflexive curl
a: Rolling Charge, Renounce Religion, Depart the Abyss, Bend Space, Banish,
Corrupt, Enter the Abyss


You were on level 2 of the Snake Pit.
You worshipped Lugonu.
Lugonu was extremely pleased with you.
You visited 4 branches of the dungeon, and saw 25 of its levels.
You visited the Abyss 2 times.
You also visited: Bailey and Gauntlet.

You collected 3483 gold pieces.
You spent 756 gold pieces at shops.

Inventory:

Hand Weapons
 a - the +11 executioner's axe "Pidat" {elec, Dex+9}
   (You acquired it on level 8 of the Dungeon)

   Occasionally, upon striking a foe, it can discharge electrical energy and
   cause terrible harm.
   It affects your dexterity (+9).
 b - a +9 battleaxe of distortion (weapon)
Missiles
 d - 3 throwing nets
 i - 94 poisoned darts
 z - 16 curare-tipped darts
 I - 5 atropa-tipped darts
 M - 7 boomerangs of dispersal
Armour
 n - a +4 barding (worn)
 q - the +8 plate armour of Ybe Jucs (worn) {Int+2 Slay+2}
   (You found it in a Gauntlet)

   It affects your intelligence (+2).
   It affects your accuracy and damage with ranged weapons and melee attacks
   (+2).
 E - the +1 cloak "Itra" (worn) {Will- Regen+ Str+4}
   (You found it in a Gauntlet)

   It affects your strength (+4).
   It increases your rate of health regeneration.
   It decreases your willpower.
 K - a +2 helmet of see invisible (worn)
Jewellery
 g - a ring of willpower
 w - a ring of positive energy (right hand)
 y - a ring of poison resistance (left hand)
 C - a ring of magical power
 J - a ring of flight
 R - an amulet of faith (around neck)
Wands
 c - a wand of mindburst (40)
 t - a wand of flame (66)
 u - a wand of iceblast (18)
 x - a wand of polymorph (28)
 N - a wand of charming (9)
 O - a wand of paralysis (9)
Scrolls
 h - 2 scrolls of blinking {unknown}
 m - 4 scrolls of teleportation {@r4}
 r - 2 scrolls of enchant weapon
 v - 2 scrolls of silence
 A - a scroll of torment
 B - 5 scrolls of identify {@r1}
 D - 5 scrolls of fog
 F - 2 scrolls of holy word
 P - a scroll of magic mapping
 Q - 2 scrolls of fear
Potions
 e - a potion of cancellation
 f - a potion of ambrosia
 j - 5 potions of attraction
 k - a potion of magic {unknown}
 l - 5 potions of haste {@q3}
 o - 2 potions of resistance
 p - 3 potions of brilliance
 s - 2 potions of heal wounds {@q2}
 G - 10 potions of curing {@q1}
 H - 3 potions of mutation
Miscellaneous
 L - a box of beasts


   Skills:
 - Level 13.2 Fighting
 + Level 17.7 Axes
 - Level 10.5 Armour
 - Level 9.0 Dodging
 + Level 15.1 Invocations


You had 15 spell levels left.
You didn't know any spells.
Your spell library contained the following spells:

 Spells                   Type           Power      Damage    Failure   Level
 Animate Skeleton         Necr           0%         N/A       95%         1
 Apportation              Tloc           0%         N/A       95%         1
 Corona                   Hex            0%         N/A       95%         1
 Foxfire                  Conj/Fire      0%         2x1d4     95%         1
 Magic Dart               Conj           0%         1d3       95%         1
 Pain                     Necr           0%         1d4       95%         1
 Sandblast                Erth           0%         2d4       95%         1
 Shock                    Conj/Air       0%         1d3       95%         1
 Sting                    Tmut/Pois      0%         1d3       95%         1
 Summon Small Mammal      Summ           0%         N/A       95%         1
 Blink                    Tloc           N/A        N/A       99%         2
 Call Imp                 Summ           0%         N/A       99%         2
 Passwall                 Tmut/Erth      0%         N/A       99%         2
 Poisonous Vapours        Pois/Air       0%         N/A       99%         2
 Searing Ray              Conj           0%         3d3       99%         2
 Slow                     Hex            0%         N/A       99%         2
 Static Discharge         Conj/Air       0%         N/A       99%         2
 Conjure Flame            Conj/Fire      0%         6-21      100%        3
 Dazzling Flash           Conj/Hex       0%         N/A       100%        3
 Ignite Poison            Fire/Tmut/Pois 0%         N/A       100%        3
 Inner Flame              Hex/Fire       0%         N/A       100%        3
 Lesser Beckoning         Tloc           0%         N/A       100%        3
 Mephitic Cloud           Conj/Pois/Air  0%         N/A       100%        3
 Stone Arrow              Conj/Erth      0%         3d7       100%        3
 Swiftness                Air            0%         N/A       100%        3
 Tukima's Dance           Hex            0%         N/A       100%        3
 Vampiric Draining        Necr           0%         2d6       100%        3
 Airstrike                Air            0%         N/A       100%        4
 Animate Dead             Necr           0%         N/A       100%        4
 Fulminant Prism          Conj/Hex       0%         3d6       100%        4
 Iskenderun's Mystic Bla  Conj/Tloc      0%         2d3       100%        4
 Olgreb's Toxic Radiance  Pois           0%         N/A       100%        4
 Petrify                  Tmut/Erth      0%         N/A       100%        4
 Sticky Flame             Conj/Fire      0%         2d3       100%        4
 Agony                    Necr           0%         N/A       100%        5
 Alistair's Intoxication  Tmut/Pois      0%         N/A       100%        5
 Borgnjor's Vile Clutch   Necr/Erth      0%         N/A       100%        5
 Fireball                 Conj/Fire      0%         3d3       100%        5
 Lee's Rapid Deconstruct  Erth           0%         3d5*      100%        5
 Lightning Bolt           Conj/Air       0%         1d11      100%        5
 Death Channel            Necr           0%         N/A       100%        6
 Invisibility             Hex            0%         N/A       100%        6
 Simulacrum               Ice/Necr       0%         N/A       100%        6


Dungeon Overview and Level Annotations

Branches:
Dungeon (15/15)            Temple (0/1) D:6            Lair (6/6) D:9
 Shoals (0/4) Lair:3        Snake (2/4) Lair:2        Slime (0/5) Lair:6
    Orc (2/2) D:10            Elf (0/3) Orc:2        Vaults (0/5) D:13
 Depths (0/5) D:15         Bailey (visited)         Gauntlet (visited)

Altars:
Elyvilon
Fedhas
Qazlal
Ru
Sif Muna
Vehumet
Xom
Zin
The Shining One
Jiyva

Shops:
D:7 ?   D:9 =   D:10 *   Orc:2 *[(=   Snake:1 *

Annotations:
Lair:1 exclusions: downstairs and oklob plant
Lair:6 1 runed translucent door


Innate Abilities, Weirdness & Mutations

You are completely covered in rugged brown scales. (AC +3, +7% HP)
You have supernaturally acute eyesight. (SInv)
Armour fits poorly on your strangely shaped body.
You can roll at nearby foes to attack.
You have a long armoured tail.
You curl defensively after being hit.


Message History

You are poisoned.
The naga ritualist's toxic aura wanes.
The naga warrior roars a battlecry!
The naga mage goes into a battle-frenzy!
The naga ritualist spits poison at you.
The splash of poison hits you but does no damage.
You are more poisoned.
You have difficulty breathing.
* * * LOW HITPOINT WARNING * * *
You feel as though you will be slow longer.
You feel much better.
You feel extremely sick.
The naga warrior hits you from afar with a +0 halberd!
* * * LOW HITPOINT WARNING * * *
The naga mage casts a spell at the black mamba.
The black mamba seems to grow toxic.
The naga ritualist hits you but does no damage.
The naga ritualist grabs you. The naga ritualist constricts you.
The naga warrior hits you but does no damage.
Press: ? - help, Shift-Dir - straight line, f - naga ritualist
Aim: a naga ritualist, wielding a +0 scimitar and wearing a +0 robe (translocational energy, constricting you, strong, concentrated venom, catching its breath, chance to affect: 62%)
The naga ritualist is devoured by a tear in reality.
Lugonu claims a new guest.
The naga ritualist loses its grip on you.
You feel very sick.
The black mamba bites you but does no damage.
The naga warrior closely misses you.
The naga mage gestures wildly while chanting.
The naga mage seems to speed up.
You feel very sick.
The naga mage gestures at you while chanting.
The bolt of poison hits the black mamba.
The bolt of poison hits you!!
You are more poisoned.
* * * LOW HITPOINT WARNING * * *
The black mamba bites you but does no damage.
The naga warrior roars a battlecry!
The naga goes into a battle-frenzy!
The black mamba bites you!
You die...

....... .# . .......#.##
.. ..........# ...
......N... ....
#........#.....
#.....)†N...... #N# #
#S# ## #@# ##. ##.## ##
#####.. #..[# .#
###..##.. ##...##.
#....#... #####....#.#
#....#... #..##....#.#
#....#... #.#........#
#....##.#
#####..###.#####........
#..####......p....[.


You could see a naga warrior (curare), a black mamba (curare), a naga mage
(fast, strong) and a naga (strong, curare).

Vanquished Creatures
  Jorgrun (Orc:1)
  Kirke (Snake:2)
  Aizul (Snake:1)
  2 orc warlords (Orc:2)
  A fire dragon (Lair:6)
  Harold (D:10)
  A great orb of eyes (Gauntlet)
  Josephine (D:10)
  Erolcha (Orc:1)
  3 naga warriors (Snake:1)
  2 hydras (Lair:6)
  4 boulder beetles
  3 anacondas (Snake:1)
  A catoblepas (Lair:5)
  3 centaur warriors
  5 two-headed ogres
  4 death yaks
  3 tengu warriors
  Urug (D:13)
  3 orc high priests (Orc:2)
  A shock serpent (Snake:1)
  5 naga sharpshooters
  A fire crab (shapeshifter) (D:13)
  4 skeletal warriors (D:15)
  A wizard (D:13)
  A glowing orange brain (D:15)
  A lindwurm (Lair:6)
  2 deep elf pyromancers
  5 orc knights
  3 naga ritualists (Snake:1)
  19 ugly things
  3 oklob plants
  A manticore (D:15)
  4 orc sorcerers
  5 mana vipers
  3 cyclopes
  A moth of wrath (shapeshifter) (Abyss:1)
  14 elephants
  Joseph (D:7)
  A guardian serpent (Snake:2)
  A merfolk siren (Lair:3)
  3 molten gargoyles (Lair:6)
  23 black mambas
  10 naga magi
  Maggie (D:8)
  12 cane toads
  2 torpor snails
  17 komodo dragons
  4 rime drakes
  A kobold demonologist (D:13)
  A freezing wraith (D:15)
  2 tengu conjurers
  A yaktaur (D:15)
  6 trolls
  A jumping spider (shapeshifter) (D:14)
  3 polar bears
  A polar bear (shapeshifter) (D:14)
  9 blink frogs
  4 slime creatures (D:15)
  6 dream sheep (Lair:5)
  Sigmund (D:2)
  4 shadows
  A tarantella (shapeshifter) (D:14)
  50 yaks
  6 wraiths
  2 vampires
  2 basilisks (Lair:6)
  6 wyverns
  3 steam dragons
  18 nagas
  4 wargs
  3 acid dragons
  Menkaure (D:7)
  16 water moccasins
  5 hell hounds (Lair:6)
  32 orc warriors
  A hornet zombie (D:6)
  An ice beast (D:8)
  A black bear (D:6)
  8 ogres
  16 wolves
  6 centaurs
  4 phantoms
  2 kobold brigands
  9 bullfrogs
  2 scorpions
  A troll zombie (D:10)
  10 killer bees
  4 howler monkeys
  6 wights (D:7)
  2 electric eels (Lair:3)
  5 lava snakes (Lair:6)
  4 centaur zombies
  A bullfrog zombie (D:7)
  3 centaur skeletons (D:4)
  10 orc priests
  2 gnoll shamans
  4 jellies
  2 iguanas
  Terence (D:2)
  25 orc wizards
  Natasha (twice) (D:3 D:2)
  A killer bee zombie (D:8)
  5 ogre zombies (D:10)
  A hound zombie (D:5)
  A hound skeleton (D:4)
  16 gnolls
  10 adders
  A shadow imp (D:7)
  2 white imps
  An ufetubus (D:5)
  A worm (D:2)
  5 dart slugs
  53 orcs
  4 ball pythons
  2 endoplasms
  2 giant cockroaches
  12 goblins
  11 hobgoblins
  11 jackals
  6 quokkas
  4 bats
  6 frilled lizards
  A goblin skeleton (D:10)
  4 goblin zombies (D:10)
  A hobgoblin skeleton (D:10)
  A hobgoblin zombie (D:10)
  29 kobolds
  2 orc skeletons (D:10)
  10 orc zombies (D:10)
  23 rats
738 creatures vanquished.

Vanquished Creatures (collateral kills)
  A killer bee (D:8)
1 creature vanquished.

Vanquished Creatures (others)
  A killer bee (D:8)
  An orc wizard (D:8)
  38 fungi
  50 plants
90 creatures vanquished.

Grand Total: 829 creatures vanquished

Notes
Turn   | Place    | Note
-------+----------+-------------------------------------------
     0 | Abyss:1  | freelancePsychic the Palentonga Abyssal Knight began the
                  | quest for the Orb.
     0 | Abyss:1  | Reached XP level 1. HP: 19/19 MP: 2/2
    67 | Abyss:1  | Noticed a thrashing horror
    69 | D:1      | Escaped the Abyss
   421 | D:1      | Reached XP level 2. HP: 24/25 MP: 3/3
   551 | D:1      | Reached * piety under Lugonu
   691 | D:1      | Reached XP level 3. HP: 30/31 MP: 5/5
   978 | D:1      | Reached skill level 3 in Axes
  1225 | D:2      | Noticed Terence
  1549 | D:2      | Killed Terence
  1550 | D:2      | Reached XP level 4. HP: 37/37 MP: 6/6
  1632 | D:2      | Reached skill level 4 in Axes
  1639 | D:2      | Noticed Sigmund
  1656 | D:2      | Killed Sigmund
  1657 | D:2      | Reached skill level 5 in Axes
  1657 | D:2      | Reached XP level 5. HP: 43/43 MP: 7/7
  1872 | D:2      | Reached skill level 6 in Axes
  1876 | D:2      | Reached ** piety under Lugonu
  1877 | D:2      | Reached XP level 6. HP: 41/50 MP: 8/8
  2204 | D:2      | Found a faded altar of an unknown god.
  2384 | D:3      | Found a stormy altar of Qazlal.
  2436 | D:3      | Noticed Natasha
  2445 | D:3      | Killed Natasha
  2484 | D:3      | Noticed Natasha
  2510 | D:2      | Killed Natasha
  3252 | D:3      | Found a glowing silver altar of Zin.
  3539 | D:4      | Noticed an orc warrior
  3725 | D:4      | Reached skill level 7 in Axes
  3779 | D:4      | Gained mutation: You curl defensively after being hit.
                  | [Palentonga growth]
  3779 | D:4      | Reached XP level 7. HP: 40/55 MP: 9/9
  3923 | D:3      | Reached *** piety under Lugonu
  4901 | D:4      | Reached skill level 8 in Axes
  5026 | D:5      | Entered Level 5 of the Dungeon
  6215 | D:5      | You fall into a shaft and drop 3 floors!
  6216 | D:8      | Identified a scroll of acquirement
  6217 | D:8      | Acquired the +11 executioner's axe "Pidat" {elec, Dex+9}
  6221 | D:8      | Reached XP level 8. HP: 64/64 MP: 10/10
  6263 | D:8      | Noticed a green ugly thing
  6364 | D:7      | Reached skill level 9 in Axes
  6613 | D:7      | Noticed Menkaure
  6616 | D:7      | Killed Menkaure
  6625 | D:7      | Reached skill level 5 in Fighting
  6844 | D:7      | You fall into a shaft and drop 3 floors!
  6844 | D:10     | Entered Level 10 of the Dungeon
  6884 | D:10     | Reached skill level 10 in Axes
  6884 | D:10     | Reached XP level 9. HP: 70/72 MP: 11/11
  6888 | D:10     | Noticed Harold
  6909 | D:10     | Reached **** piety under Lugonu
  6934 | D:10     | Found a staircase to the Orcish Mines.
  7149 | D:10     | Killed Harold
  7150 | D:10     | Reached skill level 11 in Axes
  7150 | D:10     | Reached skill level 5 in Armour
  7510 | D:9      | Found Saklezis's Jewellery Boutique.
  7636 | D:9      | Found a radiant altar of Vehumet.
  7644 | D:9      | Reached XP level 10. HP: 76/82 MP: 12/12
  7979 | D:6      | Reached ***** piety under Lugonu
  8662 | D:6      | Found a staircase to the Ecumenical Temple.
  8680 | D:6      | Found a sacrificial altar of Ru.
  9005 | D:6      | Found a shimmering altar of Xom.
  9460 | D:7      | Noticed Joseph
  9468 | D:6      | Reached skill level 12 in Axes
 10009 | D:7      | Killed Joseph
 10010 | D:7      | Reached skill level 1 in Dodging
 10112 | D:7      | Found Fuiriann's Magic Scroll Shoppe.
 10271 | D:8      | Killed a green ugly thing
 10279 | D:8      | Noticed Maggie
 10292 | D:8      | Killed Maggie
 11500 | D:9      | Found a staircase to the Lair.
 12044 | D:9      | Found a shimmering blue altar of Sif Muna.
 12206 | D:10     | Reached XP level 11. HP: 50/93 MP: 13/13
 12243 | D:10     | Noticed a boulder beetle
 12257 | D:10     | Killed a boulder beetle
 12542 | D:10     | Found Welune's Assorted Antiques.
 12577 | D:10     | Bought an ancient scale mail for 216 gold pieces
 12577 | D:10     | Identified the +3 scale mail of Liqius {Rampage rElec} (You
                  | bought it in a shop on level 10 of the Dungeon)
 12716 | D:10     | Noticed Josephine
 12718 | D:10     | Found a glowing golden altar of the Shining One.
 12719 | D:10     | Killed Josephine
 12720 | D:10     | Reached skill level 5 in Invocations
 13005 | Orc:1    | Entered Level 1 of the Orcish Mines
 13033 | Orc:1    | Noticed Jorgrun
 13399 | D:11     | Reached skill level 5 in Dodging
 14117 | D:11     | Noticed a boulder beetle
 14122 | D:11     | Killed a boulder beetle
 14138 | D:11     | Noticed a two-headed ogre
 14139 | D:11     | Killed a two-headed ogre
 14532 | Lair:1   | Entered Level 1 of the Lair of Beasts
 14634 | Lair:1   | Noticed a seven-headed hydra
 14669 | Lair:1   | Banished a seven-headed hydra
 14670 | Lair:1   | Reached skill level 13 in Axes
 14898 | Lair:1   | Reached XP level 12. HP: 101/101 MP: 17/17
 16274 | Lair:2   | Noticed a seven-headed hydra
 16279 | Lair:2   | Banished a seven-headed hydra
 16505 | Lair:2   | Found a staircase to the Snake Pit.
 16518 | Lair:2   | Reached skill level 10 in Fighting
 16592 | Lair:2   | Noticed a death yak
 16598 | Lair:2   | Noticed a death yak
 16601 | Lair:2   | Noticed a death yak
 16601 | Lair:2   | Noticed a death yak
 16602 | Lair:2   | Noticed a death yak
 17792 | Lair:2   | Killed a death yak
 18150 | Lair:1   | Killed a death yak
 18153 | Lair:1   | Killed a death yak
 18161 | Lair:1   | HP: 3/104 [death yak (17)]
 18162 | Lair:1   | HP: 1/104 [death yak (2)]
 18164 | Lair:1   | Killed a death yak
 18970 | Lair:3   | Noticed a seven-headed hydra
 18974 | Lair:3   | Banished a seven-headed hydra
 18983 | Lair:3   | Noticed a four-headed hydra
 18985 | Lair:3   | Banished a four-headed hydra
 18988 | Lair:3   | Reached XP level 13. HP: 71/111 MP: 11/18
 18993 | Lair:3   | Found a gate leading to a gauntlet.
 19002 | Gauntlet | Entered a Gauntlet
 19002 | Gauntlet | Found a transporter.
 19006 | Gauntlet | Found a transporter.
 19008 | Gauntlet | Found a transporter.
 19023 | Gauntlet | Found a transporter.
 19024 | Gauntlet | Found a transporter.
 19033 | Gauntlet | Found a transporter.
 19050 | Gauntlet | Found a transporter.
 19063 | Gauntlet | Found a transporter.
 19070 | Gauntlet | Found a transporter.
 19088 | Gauntlet | Found a transporter.
 19099 | Gauntlet | Found a transporter.
 19126 | Gauntlet | Reached skill level 14 in Axes
 19132 | Gauntlet | Identified the +8 plate armour of Ybe Jucs {Int+2 Slay+2}
 19450 | Gauntlet | Found a transporter.
 19757 | Gauntlet | Identified the +1 cloak "Itra" {Will- Regen+ Str+4}
 20024 | Gauntlet | Noticed a minotaur
 20852 | Lair:3   | Found a staircase to the Shoals.
 21657 | Lair:4   | Found a blossoming altar of Fedhas.
 22651 | Lair:5   | Reached skill level 15 in Axes
 22651 | Lair:5   | Reached XP level 14. HP: 118/118 MP: 19/19
 22804 | Lair:6   | Entered Level 6 of the Lair of Beasts
 23420 | Lair:6   | Found a large runed translucent door.
 23420 | Lair:6   | Found a large runed translucent door.
 23626 | Lair:6   | Identified the +9 quarterstaff of Quantum Leap {freeze,
                  | Dex+7}
 23858 | Lair:6   | Found a runed translucent door.
 23858 | Lair:6   | Found a viscous altar of Jiyva.
 23858 | Lair:6   | Found a staircase to the Slime Pits.
 24469 | Orc:1    | Killed Jorgrun
 24519 | Orc:2    | Entered Level 2 of the Orcish Mines
 24519 | Orc:2    | Noticed an orc warlord
 24551 | Orc:1    | Reached skill level 10 in Invocations
 24572 | Orc:2    | Killed an orc warlord
 24613 | Orc:2    | Found a staircase to the Elven Halls.
 24619 | Orc:2    | Found Ceveun's Jewellery Shoppe.
 24799 | Orc:2    | Reached skill level 10 in Armour
 24954 | Orc:2    | Noticed an orc warlord
 25035 | Orc:2    | Killed an orc warlord
 25175 | Orc:2    | Found Vutorph's General Store.
 25187 | Orc:2    | Found Xeci Goi's Antique Armour Emporium.
 25198 | Orc:2    | Found Kinen's Antique Weapon Shoppe.
 25501 | Orc:1    | Reached ****** piety under Lugonu
 25507 | Orc:1    | Reached skill level 16 in Axes
 25507 | Orc:1    | Reached XP level 15. HP: 56/124 MP: 22/22
 25634 | Orc:1    | Noticed Erolcha
 25644 | Orc:1    | Killed Erolcha
 26079 | D:12     | Found a flagged portal.
 26089 | Bailey   | Entered a bailey
 26161 | Bailey   | Found a bloodstained altar of Trog.
 26227 | Bailey   | Identified a +9 battleaxe of distortion (a +7 battleaxe of
                  | draining corrupted by Lugonu)
 26227 | Bailey   | Received a gift from Lugonu
 26392 | D:12     | Found a white marble altar of Elyvilon.
 26433 | D:12     | Acquired 506 gold pieces
 26558 | D:13     | Noticed Urug
 26563 | D:13     | Killed Urug
 27040 | D:13     | Found a gate to the Vaults.
 27761 | D:15     | Entered Level 15 of the Dungeon
 28362 | D:15     | Found a staircase to the Depths.
 28949 | Orc:2    | Bought an amulet of faith for 520 gold pieces
 29082 | Snake:1  | Entered Level 1 of the Snake Pit
 29089 | Snake:1  | Found a sacrificial altar of Ru.
 29265 | Abyss:1  | Noticed a Hell Sentinel
 29267 | Snake:1  | Escaped the Abyss
 29496 | Snake:1  | Reached skill level 17 in Axes
 29560 | Snake:1  | Reached XP level 16. HP: 127/140 MP: 25/25
 30441 | Snake:1  | Noticed Aizul
 30450 | Snake:1  | Killed Aizul
 30571 | Snake:1  | Found Doobbite's CLEARANCE SALE! EVERYTHING MUST GO!.
 30578 | Snake:1  | Bought a scroll of teleportation for 12 gold pieces
 30578 | Snake:1  | Bought a scroll of identify for 8 gold pieces
 30626 | Snake:1  | Identified the +9 war axe "Laemaoxu" {venom, *Noise +Blink
                  | Int+4}
 31073 | Snake:2  | Noticed Kirke
 31080 | Snake:2  | Killed Kirke
 31194 | Snake:2  | Reached skill level 15 in Invocations
 31205 | Snake:2  | HP: 7/140 [naga mage/bolt of poison (18)]
 31205 | Snake:2  | Slain by a black mamba

Illustrated notes

Levels and vault maps discovered:
D:1:      evilmike_arrival_hilbert_curve, layout_loops_ring
D:2:      layout_basic, hellmonk_ecumenical_altar_arch_garden, minmay_rat_hole,
          uniq_terence, uniq_sigmund
D:3:      layout_basic, lemuel_coloured_pillars_altar, grunt_qazlal_sundering,
          serial_glass, glass_columns_a, glass_columns_c, uniq_natasha
D:4:      layout_cave_pools, minmay_fractal_squares_diagonal_5
D:5:      layout_loops_corners, hangedman_decor_growths
D:6:      layout_basic, nicolae_overflow_hidden_temple,
          overflow_temple_1_default, temple_doors_e
D:7:      layout_basic, serial_shops, nicolae_shop_crystal, grunt_ministairs_13,
          minivault_11, uniq_menkaure, uniq_joseph
D:8:      layout_basic, uniq_maggie
D:9:      layout_basic, nicolae_vehumet_radiance, kennysheep_orc_sif_temple,
          erik_lair_orcish_takeover, serial_shops, kennysheep_mini_moat,
          hex_large
D:10:     layout_basic, amcnicky_altar_gilded, zombieorc1_lemuel,
          kennysheep_small_square, uniq_josephine, uniq_harold
D:11:     layout_long_grid, glass_columns_a
D:12:     layout_cross, enter_bailey_6, elyvilon_altar_5
D:13:     layout_irregular_city, david_vaults_1, uniq_urug
D:14:     layout_roguey, grunt_decor_resistance, hangedman_decor_push,
          kennysheep_generic_room_5
D:15:     gammafunk_enter_depths_forms, layout_loops_ring, bh_walls_and_bars,
          dk_noncrumbling_2
Lair:1:   layout_regular_city, minmay_lair_oklob_items, serial_bayou_lagoon_a,
          lemuel_fruit_tree, grunt_megastairs_5
Lair:2:   layout_layer_cave, minmay_snake_entry_six_corridors
Lair:3:   wad_woods_structure_01, layout_gridlike, elwin_shoals_entry_rooms,
          lightli_volcano_entry_magma_tube, gauntlet_entry_generic
Lair:4:   layout_cave_pods, hangedman_tree_tricks
Lair:5:   layout_roguey
Lair:6:   cheibrodos_lair_end_hotspot, layout_small_grid, slime_altar_2,
          chequers_serial_rivers_micro_a
Snake:1:  layout_chambers, basic_altar, nicolae_shop_clearance,
          grunt_megastairs_4, uniq_aizul
Snake:2:  layout_chambers, serial_bayou_shore_b, grunt_megastairs_3, uniq_kirke
Orc:1:    layout_diamond_mine, uniq_jorgrun, uniq_erolcha
Orc:2:    grunt_orc_gardens, layout_caves, grunt_orc_garden, grunt_orc_garden,
          grunt_orc_garden, grunt_orc_garden

Skill      XL: |  1  2  3  4  5  6  7  8  9 10 11 12 13 14 15 16 |
---------------+-------------------------------------------------+-----
Invocations    | 3 7 10 13 15 | 15.1
Axes           | 3 5 6 7 8 10 11 12 13 15 16 17 | 17.7
Armour         | 2 3 5 9 10 | 10.5
Fighting       | 5 6 8 9 10 11 13 | 13.2
Dodging        | 4 6 9 |  9.0

Action                   |  1- 3 |  4- 6 |  7- 9 | 10-12 | 13-15 | 16-18 || total
-------------------------+-------+-------+-------+-------+-------+-------++-------
Melee: Hand axe          |    93 |   126 |       |       |       |       ||   219
       Tailslap          |     6 |    13 |    24 |    49 |   131 |    19 ||   242
       Unarmed           |    13 |     6 |       |       |       |       ||    19
       War axe           |       |    32 |   131 |       |       |       ||   163
       Executioner's axe |       |       |   101 |   328 |   459 |    18 ||   906
       Battleaxe         |       |       |       |       |   243 |   112 ||   355
Throw: Dart              |       |       |    12 |       |    36 |       ||    48
Invok: Depart the Abyss  |     1 |       |       |       |     1 |       ||     2
       Bend Space        |       |    11 |     7 |    16 |    19 |       ||    53
       Banish            |       |       |       |     7 |     6 |     3 ||    16
       Enter the Abyss   |       |       |       |       |     1 |       ||     1
       Brand Weapon With |       |       |       |       |     1 |       ||     1
 Abil: Rolling Charge    |    25 |    34 |    30 |    87 |   129 |    32 ||   337
Evoke: Wand              |       |       |       |     5 |       |       ||     5
  Use: Scroll            |     4 |     5 |     9 |    12 |    13 |       ||    43
       Potion            |     1 |     1 |     4 |     5 |     2 |     2 ||    15
Armor: Leather armour    |    24 |       |       |       |       |       ||    24
       Ring mail         |     6 |    63 |    96 |       |       |       ||   165
       Skin              |     5 |     6 |       |       |       |       ||    11
       Chain mail        |       |       |    59 |   137 |       |       ||   196
       Scale mail        |       |       |       |   136 |    19 |       ||   155
       Plate armour      |       |       |       |       |   672 |   112 ||   784
Dodge: Dodged            |    42 |    49 |    59 |   120 |   292 |    29 ||   591

Table legend: (Time is in decaauts)
 A = Elapsed time spent in this place.
 B = Non-inter-level travel time spent in this place.
 C = Inter-level travel time spent in this place.
 D = Time resting spent in this place.
 E = Time spent auto-exploring this place.
 F = Levels seen in this place.
 G = Mean time per level.
                   A        B        C        D        E       F      G
               +--------+--------+--------+--------+--------+-----+--------+
         Total |  31607 |  29929 |   1678 |   5741 |  19746 |  29 | 1089.9 |
       Dungeon |  17575 |  16503 |   1072 |   2842 |  11385 |  15 | 1171.7 |
          Lair |   9118 |   8663 |    455 |   1811 |   5779 |   6 | 1519.7 |
     Snake Pit |   1917 |   1904 |     13 |      6 |   1605 |   2 |  958.5 |
  Orcish Mines |   1581 |   1445 |    136 |    202 |    813 |   2 |  790.5 |
         Abyss |    213 |    213 |      0 |     66 |    101 |   2 |  106.5 |
        Bailey |    146 |    146 |      0 |      0 |     63 |   1 |  146.0 |
      Gauntlet |   1055 |   1055 |      0 |    813 |      0 |   1 | 1055.0 |
               +--------+--------+--------+--------+--------+-----+--------+

Top non-repeatable levels by time:
  Lair:2: 2424 daAuts
  Lair:1: 2214 daAuts
    D:10: 1996 daAuts
     D:3: 1831 daAuts
  Lair:6: 1536 daAuts
     D:6: 1491 daAuts
 Snake:1: 1481 daAuts
     D:8: 1366 daAuts
     D:1: 1307 daAuts
     D:7: 1272 daAuts
     D:5: 1240 daAuts
    D:11: 1239 daAuts
  Lair:3: 1236 daAuts
     D:4: 1129 daAuts
     D:9: 1058 daAuts
